 Dungeon Crawl Stone Soup version 0.24-a0-474-g47c397e050 (webtiles) character file.

Game seed: 5515473950657499365

88880 Krouwed the Carver (level 16, -20/129 HPs)
             Began as a Human Fighter on July 5, 2019.
             Was a High Priest of the Shining One.
             Killed from afar by a deep elf mage (25 damage)
             ... with a bolt of lightning
             ... on level 1 of the Elven Halls.
             The game lasted 01:24:24 (28414 turns).

Krouwed the Carver (Human Fighter)                 Turns: 28414, Time: 01:24:25

Health: -20/129    AC: 30    Str: 21    XL:     16   Next: 42%
Magic:  24/24      EV:  8    Int:  8    God:    the Shining One [*****.]
Gold:   1866       SH: 25    Dex: 13    Spells: 15/15 levels left

rFire    + + .     SeeInvis +   g - +9 long sword "Vuatab" {protect, rF++}
rCold    + + .     Gourm    +   c - +2 shield
rNeg     + + .     Faith    .   F - +7 chain mail of Discretion {rF- Regen+ rCorr}
rPois    +         Spirit   .   h - +2 hat
rElec    .         Reflect  .   t - scarf {rC+ rF+}
rCorr    +         Harm     .   a - +0 pair of gloves of Pookk {rPois MR+++ rCorr Int-3}
MR       ++++.                  (no boots)
Stlth    ..........             E - amulet of the gourmand
HPRegen  0.71/turn              I - ring of see invisible
MPRegen  0.19/turn              J - ring of protection from cold

@: divine shield, protection aura, glowing
A: no striking features
a: Divine Shield, Cleansing Flame, Summon Divine Warrior, Renounce Religion


You were on level 1 of the Elven Halls.
You worshipped the Shining One.
The Shining One was extremely pleased with you.
You were very full.

You visited 5 branches of the dungeon, and saw 23 of its levels.
You also visited: Ossuary.

You collected 2717 gold pieces.
You spent 851 gold pieces at shops.

Inventory:

Hand Weapons
 g - the +9 long sword "Vuatab" (weapon) {protect, rF++}
   (You found it on level 6 of the Dungeon)

   It grants its wielder temporary protection when it strikes (+7 to AC).
   It greatly protects you from fire.
Missiles
 k - 47 poisoned darts (quivered)
 y - a throwing net
Armour
 a - the +0 pair of gloves of Pookk (worn) {rPois MR+++ rCorr Int-3}
   (You acquired it on level 11 of the Dungeon)

   It affects your intelligence (-3).
   It protects you from poison.
   It affects your resistance to hostile enchantments.
   It provides partial protection from all sources of acid and corrosion.
 c - a +2 shield (worn)
 h - a +2 hat (worn)
 t - a scarf of resistance (worn)
 F - the +7 chain mail of Discretion (worn) {rF- Regen+ rCorr}
   (You bought it in a shop on level 2 of the Orcish Mines)

   It makes you vulnerable to fire.
   It increases your rate of regeneration.
   It provides partial protection from all sources of acid and corrosion.
Jewellery
 j - the ring of Iviklu {rCorr Str+4}
   (You found it on level 6 of the Lair of Beasts)

   [ring of resist corrosion]

   It affects your strength (+4).
   It provides partial protection from all sources of acid and corrosion.
 E - an amulet of the gourmand (around neck)
 I - a ring of see invisible (left hand)
 J - a ring of protection from cold (right hand)
Wands
 b - a wand of enslavement (5)
 o - a wand of iceblast (6)
 B - a wand of disintegration (5)
 D - a wand of flame (27)
 O - a wand of digging (4)
Scrolls
 i - a scroll of brand weapon {unknown}
 l - a scroll of teleportation
 m - a scroll of fear
 n - 8 scrolls of remove curse
 p - 5 scrolls of immolation
 q - a scroll of identify
 r - 6 scrolls of amnesia
 w - 8 scrolls of magic mapping
 C - 2 scrolls of enchant armour
 G - a scroll of fog
 K - a scroll of enchant weapon
 M - a scroll of vulnerability {unknown}
 Q - a scroll of blinking
 R - a scroll of random uselessness {unknown}
Potions
 d - 3 potions of resistance
 e - 6 potions of curing
 s - 4 potions of flight
 u - 3 potions of ambrosia
 x - a potion of lignification
 A - a potion of cancellation {unknown}
 H - a potion of brilliance {unknown}
 L - a potion of magic {unknown}
 P - 2 potions of agility
Miscellaneous
 v - a phantom mirror
 N - a box of beasts
Comestibles
 f - 44 rations


   Skills:
 + Level 12.9 Fighting
 + Level 14.3 Long Blades
 + Level 12.8 Armour
 + Level 12.8 Shields
 + Level 10.8 Invocations
 - Level 2.1 Evocations


You had 15 spell levels left.
You didn't know any spells.
Your spell library contained the following spells:

 Spells                   Type           Power        Failure   Level  Hunger
 Animate Skeleton         Necr           N/A          97%         1    ##.....
 Apportation              Tloc           #.....       97%         1    ##.....
 Confusing Touch          Hex            #.....       97%         1    ##.....
 Corona                   Hex            #......      97%         1    ##.....
 Magic Dart               Conj           #...         97%         1    ##.....
 Summon Small Mammal      Summ           #...         97%         1    ##.....
 Blink                    Tloc           N/A          99%         2    ###....
 Call Imp                 Summ           #.......     99%         2    ###....
 Searing Ray              Conj           #.....       99%         2    ###....
 Shroud of Golubria       Chrm/Tloc      #.....       99%         2    ###....
 Slow                     Hex            #.......     99%         2    ###....
 Call Canine Familiar     Summ           #.......     100%        3    ####...
 Conjure Flame            Conj/Fire      #.......     100%        3    ####...
 Dazzling Spray           Conj/Hex       #.....       100%        3    ####...
 Gell's Gravitas          Tloc           #.........   100%        3    ####...
 Inner Flame              Hex/Fire       #.......     100%        3    ####...
 Lesser Beckoning         Tloc           #.........   100%        3    ####...
 Mephitic Cloud           Conj/Pois/Air  #.......     100%        3    ####...
 Portal Projectile        Hex/Tloc       #.....       100%        3    ####...
 Summon Guardian Golem    Hex/Summ       #.......     100%        3    ####...
 Teleport Other           Tloc           #.......     100%        3    ####...
 Cause Fear               Hex            #.........   100%        4    #####..
 Force Lance              Conj/Tloc      #.......     100%        4    #####..
 Fulminant Prism          Conj/Hex       #.........   100%        4    #####..
 Iskenderun's Mystic Bla  Conj           #.......     100%        4    #####..
 Leda's Liquefaction      Hex/Erth       #.........   100%        4    #####..
 Passage of Golubria      Tloc           N/A          100%        4    #####..
 Summon Ice Beast         Ice/Summ       #.......     100%        4    #####..
 Summon Lightning Spire   Summ/Air       #.......     100%        4    #####..


Dungeon Overview and Level Annotations

Branches:
Dungeon (13/15)            Temple (1/1) D:7            Lair (6/6) D:8
 Shoals (0/4) Lair:4       Spider (0/4) Lair:2        Slime (0/5) Lair:6
    Orc (2/2) D:12            Elf (1/3) Orc:2
 Vaults: D:13-14

Altars:
Ashenzari
Cheibriados
Dithmenos
Elyvilon
Fedhas
Gozag
Hepliaklqana
Kikubaaqudgha
Makhleb
Nemelex Xobeh
Okawaru
Qazlal
Ru
Sif Muna
Trog
Uskayaw
Vehumet
Wu Jian
Xom
Yredelemnul
Zin
The Shining One
Beogh
Jiyva

Shops:
D:11 *   D:12 *   Orc:2 (*}[(

Annotations:
D:3 1 runed translucent door, exclusion: door, Bikalo's ghost, amateur MfGl


Message History

The deep elf mage is heavily wounded.
The iceblast engulfs the orc!
You kill the orc!
You hear a shout! x4
Evoke which item? (* to show all) (? for menu, Esc to quit)
Aiming: Iceblast
Press: ? - help, Shift-Dir - straight line, f/p - deep elf mage
Aim: a deep elf mage, wielding a -1 short sword and wearing a +0 leather armour (heavily wounded, haloed)
The mass of ice explodes!
The iceblast engulfs the deep elf mage!
The deep elf mage is severely wounded.
The iceblast engulfs the deep elf archer!
The deep elf archer is moderately wounded.
The iceblast engulfs the orc!!
You kill the orc!
The deep elf archer shoots an arrow.
You block the arrow. The deep elf mage casts a spell at you.
The bolt of lightning hits you!!!
* * * LOW HITPOINT WARNING * * *
The bolt of lightning hits you!!
You die...

#........####....###..
#........#).#...## #.#
#....e...#..#.).####.#
#.........(..e........
#.....).e....#)#####^#
#...ee..o...#e# #.#
####(###....#e# .# #(#
#....#e# #@# ##..##)#
### ###§#x#


#ooo# EeoE.# .☼oo°o## ..#..e.☼# .....eo## .....'. .....#. You could see 2 deep
elf archers and a deep elf mage.

Vanquished Creatures
  Jorgrun (Orc:1)
  Snorg (Lair:4)
  6 hydras
  3 catoblepae (Lair:6)
  A two-headed ogre (D:8)
  7 death yaks (Lair:6)
  3 dancing weapons (Elf:1)
  Urug (Lair:2)
  4 orc high priests (Orc:2)
  3 deep elf knights (Elf:1)
  Nergalle (Lair:4)
  An unseen horror (D:12)
  8 deep elf archers (Elf:1)
  8 orc knights
  2 lindwurms
  16 deep elf magi (Elf:1)
  2 ugly things
  4 oklob plants
  A cyclops (D:11)
  7 orc sorcerers
  Maurice (Orc:1)
  A torpor snail (Lair:6)
  3 manticores
  9 elephants
  7 black mambas
  A gargoyle (D:12)
  10 spiny frogs
  2 polar bears
  6 komodo dragons
  6 trolls
  5 hornets
  Grinder (D:6)
  7 hippogriffs
  A snapping turtle (Lair:4)
  14 blink frogs (Lair:6)
  11 dream sheep
  4 air elementals (Elf:1)
  A tarantella (Lair:2)
  A water elemental (D:13)
  44 yaks
  2 fire elementals (Elf:1)
  3 wyverns
  Grum (D:10)
  2 basilisks
  3 vampire mosquitoes (D:12)
  6 wargs
  4 swamp worms (D:11)
  19 water moccasins
  11 porcupines
  5 ice beasts
  4 necrophages
  33 orc warriors
  3 phantoms
  3 black bears
  An eye of draining (D:12)
  9 centaurs
  10 wolves
  14 ogres
  19 crocodiles
  An elf zombie (Ossuary)
  2 big kobolds
  13 bullfrogs
  A gnoll sergeant (D:10)
  5 scorpions
  17 killer bees
  6 howler monkeys
  6 electric eels
  2 bullfrog zombies
  3 crimson imps
  4 centaur zombies
  7 hounds
  2 jellies
  2 human zombies (Ossuary)
  18 orc priests
  26 orc wizards
  4 iguanas
  4 hell rats (Lair:4)
  12 worker ants
  2 big kobold zombies (Ossuary)
  2 hound zombies
  A hound skeleton (D:6)
  3 mummies (Ossuary)
  9 gnolls
  13 adders
  3 shadow imps
  A white imp (D:9)
  2 oozes
  3 adder skeletons
  6 worms
  3 dart slugs
  5 leopard geckos
  92 orcs
  11 giant cockroaches
  6 goblins
  8 hobgoblins
  6 jackals
  6 quokkas
  8 ball pythons
  7 bats
  6 frilled lizards
  A goblin zombie (Ossuary)
  3 hobgoblin zombies (Ossuary)
  2 jackal zombies (Ossuary)
  18 kobolds
  8 kobold zombies (Ossuary)
  A leopard gecko skeleton (D:7)
  2 orc zombies (Ossuary)
  4 quokka zombies (Ossuary)
  6 rats
  8 rat zombies (Ossuary)
  A crawling corpse (Elf:1)
  A plant (Lair:1)
760 creatures vanquished.

Vanquished Creatures (others)
  An orc wizard (Elf:1)
  A crawling corpse (Elf:1)
  28 fungi
  29 plants
59 creatures vanquished.

Grand Total: 819 creatures vanquished

Notes
Turn   | Place    | Note
-------+----------+-------------------------------------------
     0 | D:1      | Krouwed the Human Fighter began the quest for the Orb.
     0 | D:1      | Reached XP level 1. HP: 18/18 MP: 1/1
    46 | D:1      | Reached XP level 2. HP: 17/24 MP: 2/2
   286 | D:1      | Reached XP level 3. HP: 22/29 MP: 3/3
   994 | D:2      | You fall into a shaft and drop 1 floor!
  1011 | D:3      | Reached XP level 4. HP: 23/35 MP: 4/4
  1248 | D:2      | Found an opulent altar of Gozag.
  1729 | D:2      | Reached XP level 5. HP: 36/42 MP: 5/5
  2242 | D:3      | Reached skill level 3 in Long Blades
  2907 | D:3      | Found a runed translucent door.
  2912 | D:3      | Noticed Bikalo's ghost (amateur MfGl)
  3207 | D:4      | Found a sand-covered staircase.
  3216 | Ossuary  | Entered an ossuary
  3415 | Ossuary  | Reached XP level 6. HP: 30/48 MP: 6/6
  3426 | Ossuary  | Reached skill level 4 in Long Blades
  3875 | Ossuary  | Reached XP level 7. HP: 54/54 MP: 7/7
  4155 | D:4      | Found a glowing golden altar of the Shining One.
  4159 | D:4      | Became a worshipper of the Shining One
  4532 | D:4      | Found an ornate altar of the Wu Jian Council.
  4610 | D:4      | Reached skill level 5 in Long Blades
  4828 | D:4      | Reached XP level 8. HP: 47/61 MP: 8/8
  5017 | D:5      | Entered Level 5 of the Dungeon
  5027 | D:5      | Reached skill level 5 in Shields
  5213 | D:5      | Found a glowing silver altar of Zin.
  5278 | D:5      | Reached skill level 5 in Armour
  5291 | D:5      | Reached skill level 5 in Fighting
  5548 | D:5      | Reached * piety under the Shining One
  5555 | D:5      | Reached skill level 6 in Long Blades
  5958 | D:6      | Found an ancient bone altar of Kikubaaqudgha.
  5959 | D:6      | Found a sparkling altar of Nemelex Xobeh.
  6206 | D:6      | Got a warped long sword
  6207 | D:6      | Identified the +9 long sword "Vuatab" {protect, rF++} (You
                  | found it on level 6 of the Dungeon)
  6324 | D:6      | Noticed Grinder
  6335 | D:6      | Killed Grinder
  6335 | D:6      | Reached XP level 9. HP: 57/68 MP: 9/9
  6389 | D:6      | Found a burning altar of Makhleb.
  6481 | D:6      | Reached skill level 7 in Long Blades
  7548 | D:7      | Found a staircase to the Ecumenical Temple.
  7645 | Temple   | Entered the Ecumenical Temple
  7836 | D:7      | Noticed a hippogriff
  7844 | D:7      | Killed a hippogriff
  7844 | D:7      | Reached skill level 8 in Long Blades
  8029 | D:7      | Noticed a hippogriff
  8040 | D:7      | Killed a hippogriff
  8048 | D:7      | Found a white marble altar of Elyvilon.
  8316 | D:8      | Reached XP level 10. HP: 66/77 MP: 10/10
  8415 | D:8      | Noticed a two-headed ogre
  8685 | D:8      | Found a staircase to the Lair.
  8914 | D:8      | Reached skill level 9 in Long Blades
  9288 | D:8      | Killed a two-headed ogre
  9603 | D:9      | Reached ** piety under the Shining One
 10150 | D:9      | Identified a scroll of acquirement
 10203 | D:10     | Entered Level 10 of the Dungeon
 10209 | D:9      | Reached skill level 10 in Long Blades
 10216 | D:10     | Reached XP level 11. HP: 73/85 MP: 11/11
 11275 | D:10     | Got a shimmering hand axe
 11276 | D:10     | Identified the +6 hand axe "Ylerom" {speed, +Fly MR+
                  | Stlth+} (You found it on level 10 of the Dungeon)
 11491 | D:10     | Noticed Grum
 11491 | D:10     | Reached *** piety under the Shining One
 11515 | D:10     | Killed Grum
 11714 | D:10     | Reached skill level 11 in Long Blades
 12640 | D:11     | Got a pair of crude gloves
 12651 | D:11     | Identified the +0 pair of gloves of Pookk {rPois MR+++
                  | rCorr Int-3} (You acquired it on level 11 of the Dungeon)
 12843 | D:11     | Reached skill level 1 in Invocations
 12959 | D:11     | Noticed a cyclops
 12989 | D:11     | Killed a cyclops
 12989 | D:11     | Reached XP level 12. HP: 63/94 MP: 11/13
 13096 | D:11     | Found Cessi's General Store.
 13419 | Lair:1   | Entered Level 1 of the Lair of Beasts
 13593 | Lair:1   | Got an encrusted triple sword
 13602 | Lair:1   | Identified the +3 triple sword of Distant Shores {freeze,
                  | rF+ Dex+3} (You found it on level 1 of the Lair of Beasts)
 13810 | Lair:1   | Noticed a five-headed hydra
 13823 | Lair:1   | Killed a nine-headed hydra
 13823 | Lair:1   | Reached skill level 1 in Evocations
 15065 | Lair:2   | Reached skill level 12 in Long Blades
 15107 | Lair:2   | Noticed Urug
 15129 | Lair:2   | Killed Urug
 15247 | Lair:2   | Found a hole to the Spider Nest.
 16556 | Lair:3   | Reached XP level 13. HP: 93/102 MP: 16/16
 16851 | Lair:3   | Noticed a six-headed hydra
 16857 | Lair:3   | Killed a seven-headed hydra
 16910 | Lair:3   | Reached skill level 5 in Invocations
 17312 | Lair:3   | Reached skill level 10 in Fighting
 17329 | Lair:3   | Reached skill level 10 in Armour
 17693 | Lair:3   | Reached skill level 10 in Shields
 17844 | Lair:3   | Reached skill level 13 in Long Blades
 18288 | Lair:4   | Noticed Nergalle
 18297 | Lair:4   | Killed Nergalle
 18297 | Lair:4   | Reached **** piety under the Shining One
 18592 | Lair:4   | Found a staircase to the Shoals.
 18801 | Lair:4   | Noticed Snorg
 18815 | Lair:4   | Killed Snorg
 19803 | Lair:5   | Noticed an eight-headed hydra
 19814 | Lair:5   | Killed a 12-headed hydra
 20174 | Lair:6   | Entered Level 6 of the Lair of Beasts
 20188 | Lair:6   | Reached XP level 14. HP: 109/111 MP: 18/18
 21384 | Lair:6   | Found a staircase to the Slime Pits.
 21384 | Lair:6   | Found a viscous altar of Jiyva.
 21395 | Lair:6   | Reached ***** piety under the Shining One
 21559 | Lair:6   | Reached skill level 14 in Long Blades
 21683 | Lair:6   | Got a faintly glowing copper ring
 21704 | Lair:6   | Identified the ring of Iviklu {rCorr Str+4} (You found it
                  | on level 6 of the Lair of Beasts)
 22647 | Lair:6   | Reached XP level 15. HP: 103/119 MP: 21/21
 22869 | Lair:6   | Got a pair of encrusted gloves
 22888 | Lair:6   | Identified the +5 pair of gloves of Onkaymydd {rN+ Str-3
                  | Int+3} (You found it on level 6 of the Lair of Beasts)
 24151 | D:12     | Found a staircase to the Orcish Mines.
 24225 | D:12     | Found a roughly hewn altar of Beogh.
 24261 | D:12     | You fall into a shaft and drop 1 floor!
 24791 | D:12     | Found Caadwimoto's Assorted Antiques.
 25009 | Orc:1    | Entered Level 1 of the Orcish Mines
 25064 | Orc:1    | Noticed Jorgrun
 25464 | Orc:1    | Noticed Maurice
 25480 | Orc:1    | Killed Maurice
 25582 | Orc:2    | Entered Level 2 of the Orcish Mines
 25705 | Orc:1    | Killed Jorgrun
 26079 | Orc:1    | Noticed an orc warlord
 26096 | Orc:1    | Noticed an orc warlord
 26478 | Orc:2    | Found Elicw's General Store.
 26482 | Orc:2    | Reached ****** piety under the Shining One
 26545 | Orc:2    | Reached skill level 10 in Invocations
 27297 | Orc:2    | Found Zoovarch's Antique Armour Shoppe.
 27301 | Orc:2    | Bought a scroll of enchant armour for 97 gold pieces
 27301 | Orc:2    | Bought a scroll of remove curse for 39 gold pieces
 27303 | Orc:2    | Bought a glowing scarf for 232 gold pieces
 27303 | Orc:2    | Bought a translucent chain mail for 275 gold pieces
 27303 | Orc:2    | Found Hibryi's Antique Weapon Shoppe.
 27324 | Orc:2    | Identified the +7 chain mail of Discretion {rF- Regen+
                  | rCorr} (You bought it in a shop on level 2 of the Orcish
                  | Mines)
 27348 | Orc:2    | Found Qetaetyu's Gadget Boutique.
 27354 | Orc:2    | Bought a shimmering falchion for 208 gold pieces
 27354 | Orc:2    | Identified the cursed +2 falchion of Shame {elec, rN+
                  | Int+2} (You bought it in a shop on level 2 of the Orcish
                  | Mines)
 27520 | Orc:2    | Found Saocwil's Antique Weapon Emporium.
 27558 | Orc:2    | Found a staircase to the Elven Halls.
 27682 | Elf:1    | Entered Level 1 of the Elven Halls
 27731 | Elf:1    | Reached XP level 16. HP: 123/129 MP: 23/23
 28414 | Elf:1    | HP: 5/129 [deep elf mage/bolt of lightning (36)]
 28414 | Elf:1    | Killed from afar by a deep elf mage

Levels and vault maps discovered:
D:1:      psy_arrival_radial01, layout_rooms
D:2:      layout_basic, first_ration, nrook_mini_backslash, eino_tiny_chamber,
          minmay_door_square, nicolae_gozag_cash_rules_everything_around_me
D:3:      mumra_celtic_spiral_tile, layout_basic, ebering_ghost_reflecting_pool
D:4:      layout_cave_pools, nicolae_overflow_crystal_walls, marbit_many_paths,
          nicolae_ossuary_entry_monument, minivault_27, minmay_pentangle
D:5:      layout_rooms, overflow_temple_1_default
D:6:      layout_cave_pools, nemelex_xobeh_ov_fountains_minmay,
          kiku_gazebo_garden_becter, makhleb_blood_cavern_becter, uniq_grinder
D:7:      layout_loops_cross, lemuel_round_altar, minmay_temple_entry_crystal_x,
          minivault_14, grunt_ogre_cave
D:8:      layout_loops_cross, lair_entry_dummy, special_room [special_room_orc],
          st_stairs_6
D:9:      layout_roguey, minmay_fire_ice_demons
D:10:     layout_loops_cross, fungi_pond_lemuel, uniq_grum
D:11:     lemuel_flame_loot_2, layout_irregular_city, serial_shops,
          nicolae_shop_behind_doors, serial_rivers,
          chequers_serial_rivers_small_a, chequers_serial_rivers_micro_d,
          chequers_serial_rivers_micro_c, chequers_serial_rivers_micro_c,
          worms_lemuel
D:12:     layout_long_grid, minmay_orc_entry_temple_small, serial_shops, shop,
          minmay_quadrilaterals
D:13:     layout_basic, serial_shops, nicolae_shop_behind_doors, uniq_frances
Temple:   eino_temple_rhombus
Lair:1:   layout_chaotic_city, grunt_megastairs_4, lemuel_fruit_tree,
          minmay_lair_oklob_chamber, serial_bayou_shore_b
Lair:2:   layout_chaotic_city, spider_nest_entry_rubble, serial_bayou,
          serial_bayou_pond_b, serial_bayou_ford_a, serial_bayou_pond_a,
          serial_bayou_pond_d, infiniplex_staircase_pool_2,
          serial_bayou_shore_a, uniq_urug
Lair:3:   cheibrodos_lair_overgrown_chateau, layout_cave_pods,
          small_statue_intersection
Lair:4:   layout_cave_pods, minmay_shoals_entry_hut, uniq_snorg, uniq_nergalle
Lair:5:   layout_regular_city
Lair:6:   evilmike_catoblepas_cave, layout_regular_city, slime_altar_1,
          minivault_11
Orc:1:    layout_caves, minmay_orc_treasury, uniq_maurice, uniq_jorgrun
Orc:2:    st_orc_elflike, layout_diamond_mine, serial_shops,
          nicolae_shop_competitors_out_of_business, rock_pile
Elf:1:    minmay_elf_arrival_summoners, layout_rooms, orc_legates,
          nicolae_elf_stone_circles

Skill      XL: |  1  2  3  4  5  6  7  8  9 10 11 12 13 14 15 |
---------------+----------------------------------------------+-----
Long Blades    | 3 4 5 6 8 10 11 12 13 14 | 14.3
Fighting       | 4 5 6 7 8 9 10 11 12 | 12.9
Armour         | 4 5 6 7 8 9 10 11 12 | 12.8
Shields        | 4 5 6 7 8 9 10 11 12 | 12.8
Invocations    | 1 4 6 8 10 | 10.8
Evocations     | 2 |  2.1

Action                   |  1- 3 |  4- 6 |  7- 9 | 10-12 | 13-15 | 16-18 || total
-------------------------+-------+-------+-------+-------+-------+-------++-------
Melee: Long sword        |   107 |   302 |   362 |   599 |  1461 |   252 ||  3083
       Triple sword      |       |       |       |    12 |       |       ||    12
Throw: Dart              |       |    10 |    37 |    36 |    37 |     1 ||   121
Invok: Divine Shield     |       |       |       |     2 |     6 |     2 ||    10
       Cleansing Flame   |       |       |       |       |     6 |     2 ||     8
Evoke: Wand              |       |       |     2 |    22 |    36 |     4 ||    64
  Use: Potion            |     1 |     1 |     6 |     6 |     7 |       ||    21
       Scroll            |     2 |     7 |     3 |    17 |    16 |     1 ||    46
  Eat: Chunk             |     1 |     4 |     7 |    30 |    41 |     2 ||    85
       Ration            |       |     2 |     2 |     1 |       |       ||     5
Armor: Scale mail        |    56 |   117 |   120 |       |       |       ||   293
       Skin              |       |       |    12 |       |       |       ||    12
       Ring mail         |       |       |    45 |    42 |       |       ||    87
       Plate armour      |       |       |       |   340 |   651 |       ||   991
       Chain mail        |       |       |       |       |    12 |    74 ||    86
Dodge: Dodged            |    42 |    74 |   107 |   160 |   215 |    14 ||   612
Block: Shield            |    63 |   140 |   199 |   168 |   952 |   159 ||  1681
       Rpst.: Long sword |    15 |    23 |    32 |    43 |    50 |     3 ||   166

Table legend:
 A = Non-vault XP
 B = Vault XP
 C = Vault XP percentage of total XP
 D = Non-vault monster count
 E = Vault monster count
 F = Vault count percentage of total count
                 A         B        C        D         E       F
            +---------+---------+-------+---------+---------+-------
      Total |   81400 |   45572 |  35.9 |     550 |     208 |  27.4
            +---------+---------+-------+---------+---------+-------
        D:1 |      53 |       0 |   0.0 |      30 |       0 |   0.0
        D:2 |      74 |       0 |   0.0 |      17 |       0 |   0.0
        D:3 |      83 |       0 |   0.0 |      27 |       0 |   0.0
        D:4 |     212 |     296 |  58.3 |      17 |      12 |  41.4
        D:5 |     619 |       0 |   0.0 |      18 |       0 |   0.0
        D:6 |     199 |     438 |  68.8 |       5 |       3 |  37.5
        D:7 |    1466 |     122 |   7.7 |      30 |       1 |   3.2
        D:8 |    1881 |     218 |  10.4 |      18 |      17 |  48.6
        D:9 |    4259 |      58 |   1.3 |      34 |       2 |   5.6
       D:10 |    1386 |     678 |  32.8 |      32 |       5 |  13.5
       D:11 |    2896 |     634 |  18.0 |      29 |       4 |  12.1
       D:12 |    7297 |     476 |   6.1 |      38 |      12 |  24.0
       D:13 |    1621 |       0 |   0.0 |       8 |       0 |   0.0
     Lair:1 |    2894 |    1799 |  38.3 |      11 |       4 |  26.7
     Lair:2 |    3800 |    1491 |  28.2 |      21 |       3 |  12.5
     Lair:3 |    4301 |    4792 |  52.7 |      16 |      18 |  52.9
     Lair:4 |    2869 |    2174 |  43.1 |      19 |       3 |  13.6
     Lair:5 |    5237 |       0 |   0.0 |      23 |       0 |   0.0
     Lair:6 |   18622 |   10733 |  36.6 |      58 |      23 |  28.4
      Orc:1 |    5004 |    4742 |  48.7 |      30 |      14 |  31.8
      Orc:2 |    3707 |    8736 |  70.2 |      45 |      32 |  41.6
      Elf:1 |   12920 |    7850 |  37.8 |      24 |      18 |  42.9
    Ossuary |       0 |     335 | 100.0 |       0 |      37 | 100.0
            +---------+---------+-------+---------+---------+-------
